 Dungeon Crawl Stone Soup version 0.27-a0-1060-gcb85b5eba1 (webtiles) character file.

Game seed: 4473343970606680707

7 spiderkeys the Skirmisher (level 1, -8/18 HPs)
             Began as a Demonspawn Abyssal Knight on Apr 21, 2021.
             Was a Follower of Lugonu.
             Mangled by a merfolk siren
             ... wielding a +0 spear
             ... summoned by a worldbinder
              (16 damage)
             ... on level 1 of the Abyss.
             The game lasted 00:00:43 (141 turns).

spiderkeys the Skirmisher (DsAK)                     Turns: 141, Time: 00:00:44

Health: -8/18      AC:  3    Str: 12    XL:     1   Next: 83%
Magic:  2/2        EV: 11    Int: 13    God:    Lugonu [*.....]
Gold:   6          SH:  0    Dex: 12    Spells: 0/0 levels left

rFire    . . .     SeeInvis .   a - +1 spear
rCold    . . .     Faith    .   (no shield)
rNeg     . . .     Spirit   .   b - +0 leather armour
rPois    .         Reflect  .   (no helmet)
rElec    .         Harm     .   (no cloak)
rCorr    .         Rampage  .   (no gloves)
Will     .....                  (no boots)
Stlth    +.........             (no amulet)
HPRegen  0.06/turn              (no ring)
MPRegen  0.08/turn              (no ring)

@: no status effects
A: no striking features
a: Renounce Religion, Depart the Abyss


You were on level 1 of the Abyss.
You worshipped Lugonu.
Lugonu was aware of your devotion.
You visited 0 branches of the dungeon, and saw 0 of its levels.
You visited the Abyss 1 time.

You collected 6 gold pieces.


   Skills:
 + Level 3.1 Fighting
 * Level 1.9 Polearms
 + Level 1.9 Armour
 - Level 1.1 Dodging
 + Level 2.6 Invocations


You couldn't memorise any spells.
You didn't know any spells.
Your spell library was empty.

Inventory:

Hand Weapons
 a - a +1 spear (weapon)
Armour
 b - a +0 leather armour (worn)

Dungeon Overview and Level Annotations

Branches:
Dungeon (0/15)

Altars:

b# ##.## ##.## #.#
..###...###...###...###.
.. #..... .....#... .#..
...H..x.mm.............
. ....#.....#. ..#
..###mm.###m..## ..# .#
#.## ##.#####.# . ###
#..#m....# ###x##@.##
#.#.#........
#.###.#.#.#.. ##
#....... ... .....
.#......# . #. .... ..
....#.


You could see a merfolk siren (summoned).


Message History

🤖 Initializing magus.rc ... ✅ Successfully initialized magus.rc [v1.9.10] Welcome, spiderkeys the Demonspawn Abyssal Knight.
The bosom of this dungeon contains the transcendent artefact, the Orb of Zot.
Lugonu says: Depart the Abyss and spread corruption, my servant! (use the ability menu to exit the Abyss) Press ? for a list of commands and other information.
Found a corrupted altar of Lugonu.
Found a gateway leading out of the Abyss.
There is a gateway leading out of the Abyss here.
Unknown command.
Found a corrupted altar of Lugonu.
A large abomination comes into view.
Unknown command.
A white imp comes into view.
The white imp shouts, "Get thee hence, thou unmuzzled beetle-headed haggard!"
The white imp laughs crazily.
The white imp hits you. The white imp freezes you. 😮 HP[-6]
You take 6 damage, and now have 12/18 hp.
MASSIVE DAMAGE!! (PAUSE)
You hit the white imp.
The white imp shouts, "Crawl home, thou gleeking idle-headed vassal!"
The white imp completely misses you.
You barely miss the white imp. The white imp barely misses you.
You closely miss the white imp.
The white imp hits you but does no damage.
You hit the white imp. The white imp closely misses you.
You barely miss the white imp.
The white imp barely misses you. 😮 HP[+1]
You puncture the white imp!
You kill the white imp!
Your Dodging skill increases to level 1! 😕 HP[+1]
You now have 6 gold pieces.
A worldbinder comes into view.
A fire bat comes into view.
The worldbinder calls forth creatures from the Shoals! 😕 HP[+1]
The merfolk siren chants a haunting song.
You are mesmerised by the merfolk siren!
You break out of your daze!
The worldbinder hits you.
* * * LOW HITPOINT WARNING * * *
The worldbinder closely misses you.
The merfolk siren chants a haunting song.
You are mesmerised by the merfolk siren!
The merfolk siren chants a haunting song. 😨 HP[-6]
You take 6 damage, and now have 9/18 hp.
MASSIVE DAMAGE!! (PAUSE)
You are no longer entranced.
The worldbinder closely misses you. The worldbinder hits you.
* * * LOW HITPOINT WARNING * * *
😨 HP[-1]
You take 1 damage, and now have 8/18 hp.
The worldbinder calls forth creatures from the Shoals!
The merfolk siren hits you from afar with a +0 spear!
Ouch! That really hurt!
You die...

Skill      XL: |  1 |
---------------+----+-----
Dodging        | 1 |  1.1
Fighting       | |  3.1
Polearms       | |  1.9
Armour         | |  1.9
Invocations    | |  2.6

Action                   || total
-------------------------++-------
Melee: Spear             ||     6
Armor: Leather armour    ||     1
Dodge: Dodged            ||     6

Levels and vault maps discovered:
Abyss:1:  base: Temple, base:
Temple

Notes
Turn   | Place    | Note
-------+----------+-------------------------------------------
     0 | Abyss:1  | spiderkeys the Demonspawn Abyssal Knight began the quest
                  | for the Orb.
     0 | Abyss:1  | Reached XP level 1. HP: 18/18 MP: 2/2
     0 | Abyss:1  | magus.rc [v1.9.10]
    62 | Abyss:1  | Found a corrupted altar of Lugonu.
    66 | Abyss:1  | Noticed a large abomination
   101 | Abyss:1  | Reached skill level 1 in Dodging
   125 | Abyss:1  | Noticed a worldbinder
   126 | Abyss:1  | Noticed a fire bat
   132 | Abyss:1  | Noticed a manticore
   132 | Abyss:1  | Noticed a merfolk siren
   132 | Abyss:1  | Noticed a merfolk siren
   141 | Abyss:1  | Noticed a merfolk siren
   141 | Abyss:1  | Mangled by a merfolk siren

Vanquished Creatures
  A white imp (Abyss:1)
1 creature vanquished.

Table legend:
 A = Non-vault XP
 B = Vault XP
 C = Vault XP percentage of total XP
 D = Non-vault monster count
 E = Vault monster count
 F = Vault count percentage of total count
                 A         B        C        D         E       F
            +---------+---------+-------+---------+---------+-------
      Total |      10 |       0 |   0.0 |       1 |       0 |   0.0
            +---------+---------+-------+---------+---------+-------
    Abyss:1 |      10 |       0 |   0.0 |       1 |       0 |   0.0
            +---------+---------+-------+---------+---------+-------

Illustrated notes

Table legend:
 A = Kills in this place as a percentage of kills in entire the game.
 B = Kills by you in this place as a percentage of kills by you in the entire game.
 C = Kills by friends in this place as a percentage of kills by friends in the entire game.
 D = Other kills in this place as a percentage of other kills in the entire game.
 E = Experience gained in this place as a percentage of experience gained in the entire game.
 F = Experience gained in this place divided by the number of levels of this place that you have seen.
                   A       B       C       D       E      F
               +-------+-------+-------+-------+-------+----------------------
         Total | 100.0 | 100.0 |   N/A |   N/A | 100.0 |  10.0
         Abyss | 100.0 | 100.0 |   N/A |   N/A | 100.0 |  10.0
               +-------+-------+-------+-------+-------+----------------------

Table legend: (Time is in decaauts)
 A = Elapsed time spent in this place.
 B = Non-inter-level travel time spent in this place.
 C = Inter-level travel time spent in this place.
 D = Time resting spent in this place.
 E = Time spent auto-exploring this place.
 F = Levels seen in this place.
 G = Mean time per level.
                   A        B        C        D        E       F      G
               +--------+--------+--------+--------+--------+-----+--------+
         Total |    141 |    141 |      0 |      0 |     66 |   1 |  141.0 |
         Abyss |    141 |    141 |      0 |      0 |     66 |   1 |  141.0 |
               +--------+--------+--------+--------+--------+-----+--------+

Top non-repeatable levels by time:
 Abyss:1: 141 daAuts
